 Dungeon Crawl Stone Soup version 0.27.0-1-g7a089689b8 (webtiles) character file.

Game seed: 11402733523462748543

33175 wakim the Martial Artist (level 13, -1/92 HPs)
             Began as an Octopode Transmuter on Aug 10, 2021.
             Was an Initiate of Gozag.
             Succumbed to poison (dark miasma)
             ... on level 2 of the Lair of Beasts.
             The game lasted 01:03:16 (27826 turns).

wakim the Martial Artist (Octopode Transmuter)     Turns: 27826, Time: 01:03:16

Health: -1/92      AC:  4    Str: 33    XL:     13   Next: 69%
Magic:  23/23      EV: 26    Int: 24    God:    Gozag
Gold:   2482       SH:  7    Dex: 15    Spells: 7/25 levels left

rFire    . . .     SeeInvis .     - Unarmed
rCold    . . .     Faith    .   d - +2 buckler {AC+3}
rNeg     . . .     Spirit   .   m - +0 hat of Oggahi {Str+4 Stlth+}
rPois    .         Reflect  .   s - amulet of regeneration
rElec    .         Harm     .   b - +6 ring of strength
rCorr    +         Rampage  .   c - +4 ring of evasion
Will     .....                  i - +6 ring of intelligence
Stlth    +++++.....             k - ring "Jonwufroe" {Fire rCorr Str+9}
HPRegen  1.25/turn              a - ring of ice
MPRegen  0.18/turn              l - ring of Qatoxili {EV+4 Str+5 Slay+2}
                                (no ring)
                                (no ring)

@: lethally poisoned (-1 -> -43), slowed, very slow
A: almost no armour, amphibious, 8 rings, camouflage 1, gelatinous body 1,
(nimble swimmer 1), tentacles
a: Renounce Religion, Potion Petition, Call Merchant, Bribe Branch


You were on level 2 of the Lair of Beasts.
You worshipped Gozag.
Gozag was most pleased with you.
You visited 4 branches of the dungeon, and saw 16 of its levels.
You also visited: Gauntlet.

You collected 4210 gold pieces.
You spent 192 gold pieces at shops.
You paid 1536 gold pieces to Gozag.

Inventory:

Missiles
 f - 8 curare-tipped darts {=f}
Armour
 d - a +2 buckler of protection (worn)
 m - the +0 hat of Oggahi (worn) {Str+4 Stlth+}
   (You found it in a Gauntlet)

   Str:       It affects your strength (+4).
   Stlth:     It makes you more stealthy.
Jewellery
 a - a ring of ice (on tentacle)
 b - a +6 ring of strength (left tentacle)
 c - a +4 ring of evasion (right tentacle)
 i - a +6 ring of intelligence (on tentacle)
 k - the ring "Jonwufroe" (on tentacle) {Fire rCorr Str+9}
   (You found it in a Gauntlet)

   [ring of fire]

   It enhances your fire magic.
   Str:       It affects your strength (+9).
   rF:        It protects you from fire.
   rC:        It makes you vulnerable to cold.
   rCorr:     It protects you from acid and corrosion.
 l - the ring of Qatoxili (on tentacle) {EV+4 Str+5 Slay+2}
   (You found it in a Gauntlet)

   [ring of evasion]

   EV:        It affects your evasion (+4).
   Str:       It affects your strength (+5).
   Slay:      It affects your accuracy & damage with ranged weapons and melee
   (+2).
 s - an amulet of regeneration (around mantle)
Wands
 h - a wand of charming (25)
 p - a wand of flame (12)
 t - a wand of digging (8)
 w - a wand of acid (7)
 x - a wand of iceblast (16)
 y - a wand of paralysis (8)
Scrolls
 j - a scroll of enchant weapon
 q - 3 scrolls of amnesia
 r - 4 scrolls of identify
 T - 3 scrolls of teleportation
 U - a scroll of fear
 W - a scroll of holy word
 X - 2 scrolls of fog
Potions
 A - a potion of ambrosia
 B - 3 potions of attraction {!q}
 C - 2 potions of berserk rage {!q}
 D - a potion of brilliance
 F - 11 potions of curing
 G - 4 potions of flight
 H - 3 potions of haste
 I - a potion of invisibility
 J - 5 potions of heal wounds
 L - 3 potions of lignification {!q}
 N - 3 potions of might
Miscellaneous
 e - a piece from Xom's chessboard (15/15)
 v - a lightning rod (4/4)


   Skills:
 * Level 9.8 Fighting
 * Level 9.8 Dodging
 - Level 6.0 Stealth
 - Level 4.0 Shields
 * Level 10.2 Unarmed Combat
 * Level 6.8 Spellcasting
 - Level 8.0 Transmutations
 - Level 3.0 Fire Magic
 - Level 3.0 Ice Magic
 - Level 8.0 Poison Magic
 + Level 8.0 Evocations


You had 7 spell levels left.
You knew the following spells:

 Your Spells              Type           Power      Damage    Failure   Level
a - Ignite Poison         Fire/Tmut/Pois 55%        N/A       1%          3
b - Spider Form           Tmut/Pois      23%        N/A       1%          3
c - Ice Form              Ice/Tmut       51%        N/A       8%          4
d - Wereblood             Tmut           46%        N/A       1%          2
x - Poisonous Vapours     Pois/Air       54%        N/A       2%          2
y - Olgreb's Toxic Radia  Pois           46%        N/A       2%          4

Your spell library contained the following spells:

 Spells                   Type           Power      Damage    Failure   Level
 Beastly Appendage        Tmut           92%        N/A       1%          1
 Sting                    Tmut/Pois      100%       1d8       1%          1
 Passwall                 Tmut/Erth      22%        N/A       2%          2
 Ensorcelled Hibernation  Hex/Ice        46%        N/A       6%          2
 Sandblast                Erth           16%        2d6       8%          1
 Summon Small Mammal      Summ           32%        N/A       8%          1
 Alistair's Intoxication  Tmut/Pois      30%        N/A       8%          5
 Conjure Flame            Conj/Fire      23%        6-21      12%         3
 Call Canine Familiar     Summ           8%         N/A       22%         3
 Summon Guardian Golem    Hex/Summ       8%         N/A       22%         3
 Sticky Flame             Conj/Fire      23%        2d4       36%         4
 Lee's Rapid Deconstruct  Erth           4%         3d6*      90%         5
 Simulacrum               Ice/Necr       11%        N/A       99%         6
 Dispersal                Tloc           4%         N/A       100%        6
 Shadow Creatures         Summ           N/A        N/A       100%        6
 Disjunction              Tloc           4%         N/A       100%        8
 Death's Door             Necr           4%         N/A       100%        9


Dungeon Overview and Level Annotations

Branches:
Dungeon (11/15)            Temple (1/1) D:4            Lair (2/6) D:9
 Spider (0/4) Lair:2          Orc (2/2) D:9             Elf (0/3) Orc:2
Gauntlet (visited)
  Swamp: Lair:2-4    Shoals: Lair:2-4

Altars:
Ashenzari
Cheibriados
Dithmenos
Elyvilon
Fedhas
Gozag
Hepliaklqana
Kikubaaqudgha
Makhleb
Nemelex Xobeh
Okawaru
Qazlal
Ru
Sif Muna
Trog
Uskayaw
Vehumet
Wu Jian
Xom
Yredelemnul
Zin
The Shining One
Beogh

Shops:
D:10 ?   Orc:2 !:(*

Annotations:
D:8 3 runed translucent doors, antidepressant22's ghost, novice MiBe
D:9 Gastronok
Lair:2 1 transporter


Innate Abilities, Weirdness & Mutations

You cannot wear most types of armour.
You are amphibious.
You can wear up to eight rings at the same time.
Your skin changes colour to match your surroundings (Stealth+).
Your rubbery body absorbs attacks. (AC +1, EV +1)
((You are camouflaged near water. (Stealth+)))
You have tentacles for arms and can constrict up to eight enemies at once.


Message History

You see here a throwing net {=f!f}.
You struggle against the net.
You struggle against the net.
You struggle against the net.
You struggle against the net.
You rip the net and break free!
You tentacle-slap the briar patch but do no damage.
You tentacle-slap the briar patch.
The briar patch is lightly damaged.
You bludgeon the briar patch! You squeeze the briar patch.
You destroy the briar patch!
You are struck by the briar patch's thorns.
You bludgeon the briar patch! You squeeze the briar patch.
You destroy the briar patch!
You tentacle-slap the briar patch. You tentacle-slap the briar patch!
You destroy the briar patch!
You are engulfed in dark miasma.
You are poisoned.
You feel very sick.
You tentacle-slap the briar patch. You squeeze the briar patch.
The briar patch is heavily damaged.
You are engulfed in dark miasma.
You are more poisoned.
You feel extremely sick.
You bludgeon the briar patch!
You destroy the briar patch!
You are engulfed in dark miasma.
You are more poisoned.
You feel yourself slow down.
You feel extremely sick.
You are struck by the briar patch's thorns.
* * * LOW HITPOINT WARNING * * *
You tentacle-slap the briar patch. You tentacle-slap the briar patch!
You destroy the briar patch!
You are engulfed in dark miasma.
You are lethally poisoned!
* * * LOW HITPOINT WARNING * * *
* * * LOW HITPOINT WARNING * * *
You feel extremely sick.
You die...
Your body crumbles into a pile of gold.

.................................
...............................#.
..............................#..
.................©......+#..#....
...............#####........+....
##.....##.##...#"©[#.............
.#....P.###....#$$?#...P.........
.#......# ##.####+####...........
.#.....## #.#$≈@○.§##.....P#....
......## ##.##≈.^.≈$#...........
......# ##..#♣≈.^○###...........
......# #P..###°^.§♣#...#P.#....
.#....####...#$≈.^.≈##.#.........
.............##≈.^.≈$#.#........#
.#...........#$§.^.§##.P........P
.............###.©.###..........+
.........#.....#####............#


There were no monsters in sight!

Vanquished Creatures
  A minotaur (Gauntlet)
  Josephine (Orc:2)
  3 hydras
  A boulder beetle (D:11)
  The ghost of kernmantle the Covert, a journeyman OpWn of Vehumet (Orc:1)
  2 two-headed ogres
  2 wizards (Gauntlet)
  2 large abominations (Gauntlet)
  10 orc sorcerers
  Joseph (D:10)
  A cyclops (D:11)
  Maurice (D:9)
  Maggie (D:7)
  9 cane toads
  A minotaur zombie (Gauntlet)
  A kobold demonologist (D:9)
  3 komodo dragons (Lair:1)
  An unseen horror (D:11)
  5 trolls
  2 jumping spiders (Lair:2)
  2 polar bears (Lair:2)
  2 hornets
  Grinder (D:3)
  2 shadows (D:11)
  2 redbacks (Lair:2)
  A wyvern (Lair:1)
  7 wraiths
  7 yaks (D:10)
  Eustachio (D:5)
  A steam dragon (D:9)
  Menkaure (D:5)
  8 wargs
  8 swamp worms
  An acid dragon (D:10)
  4 water moccasins
  16 orc warriors
  A swamp drake (D:9)
  3 black bears
  A hornet zombie (D:5)
  A necrophage (D:6)
  12 wolves (Lair:1)
  7 ogres
  4 centaurs
  2 kobold brigands
  A scorpion (D:4)
  11 bullfrogs
  3 small abominations (Gauntlet)
  A water moccasin skeleton (D:5)
  10 wights
  2 electric eels (D:11)
  A howler monkey (D:4)
  2 centaur zombies
  2 bullfrog zombies
  20 orc priests
  2 bullfrog skeletons (D:6)
  2 hounds
  A centaur skeleton (D:5)
  Jessica (D:3)
  Terence (D:2)
  2 iguanas
  29 orc wizards
  Natasha (twice) (D:3)
  A hound skeleton (D:4)
  A howler monkey zombie (D:9)
  A howler monkey skeleton (D:6)
  5 adders
  3 shadow imps (Gauntlet)
  7 white imps
  2 adder skeletons (D:4)
  A worm (D:5)
  2 dart slugs (D:4)
  85 orcs
  6 bats
  7 endoplasms
  8 giant cockroaches
  13 goblins
  7 hobgoblins
  9 jackals
  11 kobolds
  3 quokkas
  6 ball pythons
  5 frilled lizards
  6 rats
  13 briar patches (Lair:2)
439 creatures vanquished.

Vanquished Creatures (others)
  2 orc wizards (Orc:2)
  A briar patch (Lair:2)
  17 fungi
  18 plants
38 creatures vanquished.

Grand Total: 477 creatures vanquished

Notes
Turn   | Place    | Note
-------+----------+-------------------------------------------
     0 | D:1      | wakim the Octopode Transmuter began the quest for the Orb.
     0 | D:1      | Reached XP level 1. HP: 13/13 MP: 3/3
   474 | D:1      | Reached XP level 2. HP: 11/18 MP: 3/5
   620 | D:1      | Reached skill level 1 in Poison Magic
   695 | D:1      | Learned a level 2 spell: Wereblood
   845 | D:1      | Reached XP level 3. HP: 23/23 MP: 6/6
   862 | D:1      | Learned a level 3 spell: Spider Form
  1368 | D:1      | Found a faded altar of an unknown god.
  1979 | D:2      | Reached XP level 4. HP: 19/28 MP: 6/8
  2443 | D:3      | Noticed Terence
  2470 | D:2      | Killed Terence
  2680 | D:3      | Noticed Jessica
  2689 | D:3      | Killed Jessica
  2690 | D:3      | Reached XP level 5. HP: 26/33 MP: 5/10
  2973 | D:3      | Reached skill level 4 in Unarmed Combat
  3602 | D:3      | Noticed Natasha
  3614 | D:3      | Killed Natasha
  3897 | D:3      | Noticed Natasha
  3910 | D:3      | Killed Natasha
  3911 | D:3      | Reached XP level 6. HP: 37/38 MP: 8/11
  4049 | D:3      | Learned a level 4 spell: Ice Form
  4053 | D:3      | Noticed Grinder
  4371 | D:4      | Reached skill level 1 in Stealth
  4476 | D:4      | Found a staircase to the Ecumenical Temple.
  4484 | D:4      | Reached skill level 1 in Ice Magic
  4489 | Temple   | Entered the Ecumenical Temple
  4855 | Temple   | Became a worshipper of Gozag Ym Sagoz the Greedy
  5394 | D:4      | Reached XP level 7. HP: 33/43 MP: 9/13
  5904 | D:5      | Entered Level 5 of the Dungeon
  6105 | D:5      | Reached skill level 5 in Unarmed Combat
  6166 | D:5      | Noticed Eustachio
  6214 | D:5      | Killed Eustachio
  6517 | D:5      | Noticed Menkaure
  6527 | D:5      | Killed Menkaure
  6528 | D:5      | Reached skill level 5 in Transmutations
  6528 | D:5      | Reached XP level 8. HP: 39/48 MP: 9/14
  6641 | D:5      | You fall into a shaft and drop 2 floors!
  6662 | D:7      | Noticed a four-headed hydra
  7408 | D:6      | Reached skill level 6 in Unarmed Combat
  8289 | D:6      | Learned a level 4 spell: Olgreb's Toxic Radiance
  8532 | D:6      | Noticed a troll
  8689 | D:6      | Killed a troll
  8690 | D:6      | Reached skill level 7 in Unarmed Combat
  8690 | D:6      | Reached XP level 9. HP: 7/53 MP: 15/15
  9027 | D:6      | Identified a scroll of acquirement
  9027 | D:6      | Acquired a +2 buckler of protection
  9350 | D:6      | Reached skill level 1 in Shields
  9507 | D:6      | Identified the +2 scale mail "Qoiphaj" {rElec rF+ Slay+2
                  | Stlth+}
  9794 | D:7      | Noticed Maggie
 10370 | D:7      | Killed a four-headed hydra
 10371 | D:7      | Reached skill level 8 in Unarmed Combat
 10599 | D:7      | Noticed a hornet
 10786 | D:7      | Reached skill level 1 in Evocations
 11072 | D:8      | Found a runed translucent gate.
 11072 | D:8      | Found a runed translucent gate.
 11072 | D:8      | Found a runed translucent gate.
 11073 | D:8      | Noticed antidepressant22's ghost (novice MiBe)
 11169 | D:8      | Reached XP level 10. HP: 61/61 MP: 11/16
 11276 | D:8      | Found a shadowy altar of Dithmenos.
 12818 | D:9      | Noticed Gastronok
 13056 | D:9      | Noticed a kobold demonologist
 13070 | D:9      | Killed a kobold demonologist
 13170 | D:9      | Noticed a two-headed ogre
 13194 | D:9      | Killed a two-headed ogre
 13445 | D:9      | Found a staircase to the Lair.
 13508 | D:9      | Noticed Maurice
 13519 | D:9      | Killed Maurice
 13520 | D:9      | Reached skill level 5 in Poison Magic
 13601 | D:9      | Found a staircase to the Orcish Mines.
 13616 | D:9      | Reached skill level 5 in Dodging
 14076 | Orc:1    | Entered Level 1 of the Orcish Mines
 14081 | Orc:1    | Noticed an orc sorcerer
 14132 | Orc:1    | Noticed an orc sorcerer
 14134 | Orc:1    | Noticed a smoke demon
 14134 | Orc:1    | Paralysed by an orc sorcerer for 3 turns
 14144 | D:9      | Killed an orc sorcerer
 14145 | D:9      | Reached skill level 5 in Evocations
 14498 | D:10     | Entered Level 10 of the Dungeon
 14498 | D:10     | Found Teapoann's Magic Scroll Boutique.
 14501 | D:10     | Bought a scroll of identify for 24 gold pieces
 14501 | D:10     | Bought a scroll of identify for 24 gold pieces
 14501 | D:10     | Bought 2 scrolls of identify for 48 gold pieces
 14795 | D:10     | Reached skill level 5 in Fighting
 14973 | D:10     | Reached XP level 11. HP: 71/71 MP: 9/17
 15011 | D:10     | Learned a level 3 spell: Ignite Poison
 15796 | D:10     | Noticed Joseph
 15806 | D:10     | Killed Joseph
 16046 | D:10     | Learned a level 2 spell: Poisonous Vapours
 16273 | Orc:1    | Noticed a soul eater
 16362 | Orc:1    | Killed an orc sorcerer
 16363 | Orc:1    | Reached skill level 1 in Fire Magic
 17161 | Orc:2    | Entered Level 2 of the Orcish Mines
 17164 | Orc:2    | Found a staircase to the Elven Halls.
 17331 | Orc:2    | Noticed Josephine
 17336 | Orc:2    | Killed Josephine
 17439 | Orc:2    | Noticed an orc sorcerer
 17443 | Orc:2    | Killed an orc sorcerer
 17971 | Orc:1    | Found a runed translucent gate.
 17972 | Orc:1    | Found a runed translucent gate.
 18005 | Orc:1    | Found a runed translucent gate.
 18005 | Orc:1    | Noticed kernmantle's ghost (journeyman OpWn)
 18060 | Orc:1    | Killed kernmantle's ghost
 18082 | Orc:1    | Got the Reference Book on Poisonous Stolen Souls
 18179 | Orc:2    | Noticed an orc sorcerer
 18184 | Orc:2    | Noticed an orc sorcerer
 18185 | Orc:2    | Killed an orc sorcerer
 18186 | Orc:2    | Reached skill level 5 in Spellcasting
 18186 | Orc:2    | Reached XP level 12. HP: 77/81 MP: 7/19
 18449 | Orc:2    | Noticed a soul eater
 18830 | Orc:2    | Noticed a soul eater
 18882 | Orc:2    | Found Doczayff's Book Emporium.
 18882 | Orc:2    | Found Fyux's Distillery.
 19785 | Orc:2    | Found Buwol's Assorted Antiques.
 19785 | Orc:2    | Found Asoblaol's Antique Weapon Boutique.
 19790 | Orc:2    | Bought 2 bubbling golden potions for 64 gold pieces
 19790 | Orc:2    | Bought a bubbling golden potion for 32 gold pieces
 20325 | Lair:1   | Entered Level 1 of the Lair of Beasts
 20946 | Lair:1   | Noticed a seven-headed hydra
 20956 | Lair:1   | Killed a seven-headed hydra
 22366 | D:3      | Killed Grinder
 22777 | D:7      | Killed Maggie
 22778 | D:7      | Reached skill level 9 in Unarmed Combat
 24147 | D:11     | Reached XP level 13. HP: 73/89 MP: 14/22
 24938 | Lair:2   | Found a transporter.
 24965 | Lair:2   | Reached skill level 5 in Stealth
 25195 | Lair:2   | Found a gate leading to a gauntlet.
 25204 | Gauntlet | Entered a Gauntlet
 25204 | Gauntlet | Found a transporter.
 25346 | Gauntlet | Found a transporter.
 25361 | Gauntlet | Found a transporter.
 25366 | Gauntlet | Found a transporter.
 25381 | Gauntlet | Found a transporter.
 25400 | Gauntlet | Found a transporter.
 25430 | Gauntlet | Found a transporter.
 25437 | Gauntlet | Found a transporter.
 25437 | Gauntlet | Found a transporter.
 25460 | Gauntlet | Found a transporter.
 25465 | Gauntlet | Found a transporter.
 25469 | Gauntlet | Found a transporter.
 25493 | Gauntlet | Found a transporter.
 25498 | Gauntlet | Found a large runed translucent door.
 25499 | Gauntlet | Found a large runed translucent door.
 25499 | Gauntlet | Noticed a reaper
 25500 | Gauntlet | Found a large runed translucent door.
 25500 | Gauntlet | Found a large runed translucent door.
 25501 | Gauntlet | Found a runed translucent gate.
 25502 | Gauntlet | Found a transporter.
 25502 | Gauntlet | Found a runed translucent gate.
 25503 | Gauntlet | Found a runed translucent gate.
 25503 | Gauntlet | Found a large runed translucent door.
 25503 | Gauntlet | Found a large runed translucent door.
 25503 | Gauntlet | Found a runed translucent door.
 25503 | Gauntlet | Found a runed translucent door.
 25504 | Gauntlet | Found a large runed translucent door.
 25505 | Gauntlet | Found a large runed translucent door.
 25507 | Gauntlet | Found a transporter.
 25507 | Gauntlet | Found a transporter.
 25539 | Gauntlet | Found a transporter.
 25564 | Gauntlet | Found a large runed translucent door.
 25564 | Gauntlet | Found a large runed translucent door.
 25565 | Gauntlet | Found a large runed translucent door.
 25566 | Gauntlet | Found a large runed translucent door.
 25575 | Gauntlet | Found a large runed translucent door.
 25575 | Gauntlet | Found a large runed translucent door.
 25576 | Gauntlet | Found a large runed translucent door.
 25577 | Gauntlet | Found a large runed translucent door.
 25598 | Gauntlet | Found a transporter.
 25958 | Gauntlet | Identified the +7 shortbow of Ragnarok {speed, *Slow +Blink
                  | rF+ Str+3 Int+4}
 26204 | Gauntlet | Identified the ring "Jonwufroe" {Fire rCorr Str+9}
 26340 | Gauntlet | Identified the ring of Qatoxili {EV+4 Str+5 Slay+2}
 26350 | Gauntlet | Identified the +0 hat of Oggahi {Str+4 Stlth+}
 26409 | Gauntlet | Identified the +9 hand crossbow of Ajuecs {elec, rPois
                  | rCorr}
 26409 | Gauntlet | Noticed a minotaur
 26416 | Gauntlet | Killed a minotaur
 26417 | Gauntlet | Reached skill level 10 in Unarmed Combat
 26926 | Lair:2   | Found a transporter.
 27056 | Lair:2   | Found a hole to the Spider Nest.
 27826 | Lair:2   | Succumbed to poison (dark miasma)

Illustrated notes

Levels and vault maps discovered:
D:1:      dpeg_arrival_rooms_a, layout_basic,
          dreamdust_ecumenical_altar_hidden_monk_grotto, minmay_misc_feat_square
D:2:      layout_basic
D:3:      layout_basic, st_stairs_8, uniq_natasha, uniq_grinder, uniq_jessica,
          uniq_terence
D:4:      minmay_diamond_boxcup, layout_basic, minmay_temple_entry_steel_oval,
          kennysheep_another_room
D:5:      layout_loops_ring, uniq_menkaure, uniq_eustachio
D:6:      layout_gridville
D:7:      layout_rooms, uniq_maggie
D:8:      layout_rooms, nicolae_dithmenos_shadow_blocks,
          gammafunk_ghost_spectres, kennysheep_generic_room_5
D:9:      layout_basic, lair_entry_dummy, erik_orc_1, hive_lemuel, uniq_maurice,
          uniq_gastronok
D:10:     layout_roguey, serial_shops, shop_fountains, uniq_joseph
D:11:     layout_roguey [special_room_orc], nicolae_wwwww, nicolae_water_bricks
Temple:   roderic_octagonal_lattice_temple
Lair:1:   layout_gridlike, wad_woods_road_02
Lair:2:   gammafunk_worm_tunnel, layout_chaotic_city,
          spider_nest_entry_funnel_web, gauntlet_entry_generic,
          infiniplex_staircase_pool_2
Orc:1:    layout_caves, ebering_ghost_rock_garden
Orc:2:    st_orc_town, layout_caves, uniq_josephine

Skill      XL: |  1  2  3  4  5  6  7  8  9 10 11 12 13 |
---------------+----------------------------------------+-----
Poison Magic   | 1 2 6 7 8 |  8.0
Spellcasting   | 3 4 5 6 |  6.8
Transmutations | 3 4 5 7 8 |  8.0
Unarmed Combat | 4 5 7 8 9 10 | 10.2
Stealth        | 2 4 6 |  6.0
Ice Magic      | 1 3 |  3.0
Shields        | 4 |  4.0
Fighting       | 2 5 7 8 9 |  9.8
Evocations     | 1 5 6 8 |  8.0
Dodging        | 3 5 7 8 9 |  9.8
Fire Magic     | 2 3 |  3.0

Action                   |  1- 3 |  4- 6 |  7- 9 | 10-12 | 13-15 || total
-------------------------+-------+-------+-------+-------+-------++-------
Melee: Unarmed           |    91 |   145 |   205 |   432 |   120 ||   993
       Constrict         |    24 |    17 |     3 |     5 |       ||    49
       Kick              |    16 |     6 |       |       |       ||    22
       Tentacles         |    15 |    11 |     4 |     2 |     4 ||    36
       Punch             |     2 |     2 |     1 |     1 |     3 ||     9
 Cast: Beastly Appendage |    21 |     8 |       |       |       ||    29
       Spider Form       |       |    17 |    14 |    23 |       ||    54
       Ice Form          |       |     1 |    20 |    49 |    19 ||    89
       Wereblood         |       |       |     4 |     9 |     1 ||    14
       Olgreb's Toxic Ra |       |       |       |    23 |     8 ||    31
       Ignite Poison     |       |       |       |    46 |    17 ||    63
       Poisonous Vapours |       |       |       |    49 |    23 ||    72
Invok: Potion Petition   |       |       |     1 |     2 |       ||     3
Evoke: Wand              |       |       |       |     1 |       ||     1
  Use: Scroll            |       |       |    13 |     9 |     2 ||    24
       Potion            |       |       |       |     2 |       ||     2
 Stab: Distracted        |     1 |       |     1 |     3 |     2 ||     7
       Sleeping          |     1 |    10 |     3 |     5 |     1 ||    20
       Confused          |       |       |       |     1 |       ||     1
Armor: Skin              |     5 |     8 |    33 |    71 |    30 ||   147
Dodge: Dodged            |    49 |    88 |   143 |   390 |   101 ||   771
Block: Buckler           |       |       |     1 |    11 |       ||    12
